Map: Blackpink LE

Players

Neeb

  • Race: Protoss Protoss
  • Spawn Location: 7:00

RagnaroK (SHIN) - Winner!

  • Race: Zerg Zerg
  • Spawn Location: 1:00

Event: IEM Season 12 - Katowice

VOD

Have the link to the VOD?

Description

Time

  • Played on: Feb. 27, 2018, 11:41 a.m.
  • Length: 16:18

All games in this series

Show
View Real Time Build Order
Export as new Build Order

Neeb Protoss 

Build Orders: 1 Gate Expand, Oracle Opening, Phoenix Opening 

Get SALT Encoding   

  12  0:00  Probe  
  13  0:12  Probe  
  14  0:18  Pylon  
  14  0:24  Probe  
  15  0:32  Assimilator  
  15  0:37  Probe (Chrono Boost)  
  16  0:44  Gateway  
  16  0:48  Probe (Chrono Boost)  
  17  0:53  Probe (Chrono Boost)  
  18  1:03  Probe  
  19  1:15  Probe  
  20  1:22  Nexus  
  20  1:32  Cybernetics Core  
  20  1:34  Probe  
  20  1:39  Assimilator  
  21  1:47  Probe  
  22  1:49  Pylon  
  22  1:59  Probe  
  23  2:06  Adept (Chrono Boost)  
  25  2:09  Stargate  
  25  2:11  Probe  
  26  2:19  Warp Gate  
  26  2:23  Probe  
  26  2:25  Adept (Chrono Boost)  
  29  2:37  Probe (Chrono Boost)  
  31  2:39  Probe (Chrono Boost)  
  31  2:46  Adept  
  31  2:48  Probe (Chrono Boost)  
  31  2:50  Probe (Chrono Boost)  
  35  2:52  Probe (Chrono Boost)  
  35  2:56  Oracle (Chrono Boost)  
  39  2:59  Probe  
  39  3:04  Probe, Pylon  
  41  3:11  Probe  
  42  3:18  Gateway  
  42  3:19  Probe  
  43  3:25  Probe  
  44  3:28  Oracle (Chrono Boost)  
  44  3:31  Probe  
  48  3:36  Gateway  
  48  3:37  Probe  
  48  3:39  Adept  
  47  3:44  Probe, Pylon  
  48  3:50  Probe, Assimilator  
  48  3:54  Assimilator  
  49  3:56  Probe  
  49  3:58  Phoenix (Chrono Boost)  
  52  4:03  Probe  
  52  4:06  Twilight Council  
  52  4:08  Probe  
  54  4:15  Probe  
  55  4:20  Probe  
  55  4:21  Pylon  
  56  4:25  Adept x2  
  56  4:28  Probe  
  61  4:33  Probe  
  61  4:36  Pylon  
  62  4:40  Probe  
  62  4:42  Resonating Glaives (Chrono Boost)  
  63  4:50  Adept  
  63  4:51  Adept x2  
  70  4:54  Pylon  
  69  5:11  Nexus  
  69  5:13  Adept x2  
  73  5:14  Adept  
  73  5:16  Probe, Pylon  
  73  5:18  Probe  
  77  5:28  Probe  
  77  5:34  Adept x3  
  85  5:40  Robotics Facility, Shield Battery  
  85  5:42  Probe  
  85  5:43  Probe  
  83  5:51  Pylon  
  83  5:55  Sentry x3  
  89  5:57  Void Ray (Chrono Boost)  
  93  6:05  Pylon  
  93  6:10  Shield Battery  
  93  6:24  Sentry x3  
  97  6:30  Void Ray (Chrono Boost)  
  97  6:31  Immortal (Chrono Boost)  
  99  6:37  Shield Battery  
  99  6:38  Probe x2, Shield Battery  
  85  6:40  Shield Battery  
  85  6:47  Shield Battery  
  83  6:49  Pylon  
  83  6:53  Adept x3  
  89  6:57  Probe  
  89  6:58  Probe x2  
  78  7:16  Immortal (Chrono Boost), Void Ray, Stalker x2  
  90  7:24  Pylon  
  90  7:32  Pylon  
  90  7:33  Stalker  
  84  7:47  Probe  
  84  7:48  Probe, Immortal  
  84  7:49  Probe  
  81  8:01  Adept  
  84  8:06  Zealot x2  
  86  8:13  Cybernetics Core  
  86  8:14  Probe  
  86  8:19  Probe (Chrono Boost)  
  88  8:20  Probe (Chrono Boost)  
  88  8:26  Probe (Chrono Boost)  
  88  8:31  Probe (Chrono Boost)  
  88  8:32  Probe (Chrono Boost), Immortal (Chrono Boost)  
  94  8:37  Pylon  
  94  8:38  Pylon  
  94  8:39  Probe (Chrono Boost)  
  94  8:40  Probe x2 (Chrono Boost), Pylon  
  95  8:44  Assimilator  
  95  8:45  Assimilator  
  95  8:48  Probe  
  98  8:50  Probe, Forge  
  98  8:54  Robotics Facility  
  99  8:57  Probe, Robotics Facility  
  99  9:01  Probe  
  101  9:04  Probe  
  101  9:08  Immortal (Chrono Boost)  
  101  9:09  Probe  
  107  9:12  Protoss Ground Weapons Level 1 (Chrono Boost)  
  107  9:16  Robotics Bay  
  107  9:19  Sentry x2  
  107  9:20  Sentry  
  107  9:24  Pylon  
  113  9:33  Pylon  
  113  9:35  Pylon  
  113  9:39  Immortal (Chrono Boost)  
  113  9:41  Immortal (Chrono Boost)  
  121  9:56  Stalker x3  
  113  10:10  Immortal (Chrono Boost)  
  113  10:11  Immortal (Chrono Boost)  
  117  10:23  Zealot x3  
  115  10:35  Disruptor (Chrono Boost)  
  116  10:45  Disruptor (Chrono Boost)  
  116  10:47  Sentry, Disruptor (Chrono Boost), Stalker  
  116  10:48  Stalker  
  128  10:51  Gateway x2  
  128  10:52  Probe  
  128  10:55  Gateway  
  129  10:59  Blink  
  129  11:00  Protoss Ground Weapons Level 2  
  87  11:19  Disruptor (Chrono Boost), Stalker x2  
  87  11:25  Disruptor (Chrono Boost)  
  95  11:27  Disruptor (Chrono Boost)  
  93  11:33  Stalker  
  95  11:42  Stalker x2  
  95  11:46  Disruptor  
  84  12:02  Adept x3  
  80  12:09  Adept x2  
  72  12:19  Immortal x2 (Chrono Boost)  
  69  12:26  Adept x4  
  72  12:31  Immortal (Chrono Boost)  
  72  12:32  Adept x2  
  71  12:46  Adept x4  
  71  12:50  Immortal (Chrono Boost)  
  69  12:52  Adept  
  69  12:54  Adept  
  69  12:55  Probe  
  69  13:07  Sentry  
  69  13:08  Sentry x3  
  69  13:10  Probe x2  
  69  13:11  Probe  
  80  13:14  Disruptor (Chrono Boost)  
  80  13:18  Disruptor (Chrono Boost)  
  86  13:30  Disruptor (Chrono Boost)  
  86  13:32  Adept  
  91  13:35  Adept x2  
  91  13:40  Adept  
  97  13:43  Sentry  
  97  13:44  Adept  
  99  13:52  Immortal (Chrono Boost)  
  99  13:53  Adept  
  105  14:02  Immortal (Chrono Boost)  
  109  14:09  Stalker x2  
  113  14:21  Sentry, Stalker x2  
  119  14:40  Stalker  
  119  14:41  Stalker  
  119  14:43  Observer  
  124  14:46  Nexus  
  124  14:49  Stalker  
  129  15:00  Pylon  
  114  15:31  Stalker x5  
  108  15:47  Adept  
  96  15:59  Adept x4  
  104  16:12  Adept x2  
Show
View Real Time Build Order
Export as new Build Order

RagnaroK Zerg - Winner!

Build Orders: Hatch First, Lurkers 

Get SALT Encoding   

  12  0:00  Drone  
  13  0:08  Drone  
  14  0:17  Overlord  
  14  0:23  Drone, Extractor  
  15  0:35  Drone x2  
  17  0:51  Hatchery  
  17  0:54  Drone  
  17  0:58  Drone  
  18  1:05  Drone  
  18  1:10  Extractor  
  18  1:15  Spawning Pool  
  17  1:18  Drone  
  18  1:28  Drone  
  19  1:38  Overlord  
  19  2:02  Queen, Zergling x4  
  19  2:03  Drone, Queen  
  26  2:10  Metabolic Boost  
  26  2:11  Drone  
  26  2:14  Drone  
  28  2:20  Drone  
  29  2:27  Drone  
  30  2:31  Drone  
  31  2:37  Hatchery  
  31  2:40  Zergling x2  
  31  2:47  Overlord  
  31  2:48  Drone  
  32  2:52  Zergling x2  
  32  2:57  Drone  
  32  2:58  Queen  
  36  3:06  Drone  
  36  3:07  Evolution Chamber  
  36  3:08  Drone  
  37  3:14  Zergling x4  
  37  3:15  Drone  
  40  3:20  Spore Crawler  
  40  3:21  Drone  
  40  3:25  Drone, Queen  
  43  3:28  Spore Crawler  
  43  3:30  Drone  
  43  3:33  Drone  
  40  3:39  Drone x2  
  42  3:41  Drone  
  42  3:44  Drone  
  44  3:50  Drone  
  44  3:51  Overlord  
  45  3:56  Drone x2  
  45  4:02  Drone x2  
  49  4:06  Drone  
  49  4:08  Overlord  
  50  4:11  Drone  
  50  4:13  Drone x3  
  53  4:19  Roach Warren  
  53  4:22  Drone x2  
  54  4:29  Drone x2  
  56  4:33  Queen  
  56  4:38  Spore Crawler  
  57  4:41  Zergling x6  
  57  4:42  Zergling x2  
  59  4:49  Drone x6  
  64  4:53  Extractor  
  64  4:54  Extractor  
  64  4:55  Queen  
  64  4:58  Overlord  
  64  5:02  Overlord  
  64  5:04  Overlord  
  64  5:09  Overlord  
  64  5:18  Roach  
  65  5:21  Roach  
  65  5:22  Roach x3  
  65  5:25  Roach x2  
  65  5:26  Roach  
  81  5:28  Roach  
  81  5:34  Zergling x8  
  85  5:41  Queen, Zergling x4  
  89  5:44  Overlord  
  89  5:50  Overlord  
  89  5:52  Overlord  
  89  6:04  Zergling x16  
  90  6:10  Ravager x7  
  104  6:14  Ravager  
  105  6:22  Zergling x14  
  110  6:31  Zergling x6  
  102  6:33  Zergling x2  
  102  6:38  Queen  
  99  6:40  Zergling x2  
  99  6:43  Lair  
  99  6:44  Zergling x4  
  99  6:46  Ravager  
  103  6:49  Zergling x2  
  103  6:53  Zergling x2  
  104  6:56  Zergling x2  
  102  7:07  Zergling x6  
  100  7:12  Zergling x8  
  100  7:14  Drone x2  
  100  7:15  Drone  
  100  7:17  Drone  
  100  7:20  Evolution Chamber  
  98  7:24  Drone x2  
  98  7:28  Zergling x2  
  99  7:35  Zergling x4  
  101  7:40  Zergling x2  
  101  7:42  Drone  
  101  7:43  Drone  
  99  7:50  Drone x3, Zerg Missile Weapons Level 1, Hydralisk Den  
  98  7:53  Drone x2  
  98  7:55  Drone  
  98  7:56  Drone x2  
  98  7:57  Drone  
  102  7:58  Overlord  
  102  8:00  Drone x2  
  98  8:08  Extractor  
  98  8:10  Drone, Extractor  
  92  8:21  Hydralisk x7  
  92  8:22  Grooved Spines  
  92  8:24  Hydralisk  
  106  8:33  Hydralisk x2  
  110  8:35  Overlord  
  110  8:36  Hydralisk x2  
  110  8:37  Hydralisk x2  
  110  8:40  Roach x2  
  122  8:43  Hatchery  
  122  8:46  Overlord x2  
  122  8:47  Overseer  
  121  8:49  Zergling x2  
  121  8:54  Hydralisk x2  
  126  8:59  Roach x2  
  126  9:01  Glial Reconstitution  
  130  9:05  Zergling x6  
  130  9:08  Zergling x6  
  136  9:13  Overlord  
  136  9:15  Roach  
  138  9:20  Roach, Zergling x6  
  143  9:26  Roach  
  143  9:27  Overlord  
  143  9:28  Overlord  
  145  9:33  Zergling x2, Muscular Augments  
  145  9:34  Zergling x4  
  145  9:37  Roach x3  
  153  9:41  Overlord  
  153  9:42  Zergling x2  
  153  9:45  Zerg Missile Weapons Level 2  
  153  9:48  Roach, Zergling x4  
  156  9:53  Zergling x6  
  156  9:54  Zergling x2  
  156  9:59  Roach x2, Zergling x4  
  158  10:04  Roach x2  
  153  10:11  Hydralisk x3  
  142  10:14  Zergling x4  
  142  10:17  Roach x2  
  142  10:20  Zergling x6  
  137  10:26  Hydralisk x2  
  137  10:28  Zergling x4  
  136  10:31  Zergling x6  
  136  10:35  Hydralisk, Zergling x2  
  134  10:36  Zergling x2  
  134  10:39  Zergling x4  
  131  10:44  Ravager x4  
  131  10:45  Roach, Zergling x4  
  131  10:47  Ravager x3  
  131  10:49  Zergling x2  
  143  10:50  Hydralisk  
  143  10:55  Roach  
  143  10:57  Roach  
  148  10:59  Roach  
  147  11:06  Roach x2  
  147  11:09  Roach  
  133  11:13  Hydralisk, Zergling x6  
  133  11:14  Zergling x6  
  121  11:20  Zergling x10  
  121  11:21  Zergling x2  
  121  11:22  Zergling x2  
  121  11:28  Zergling x2  
  121  11:30  Ravager  
  121  11:31  Ravager x3  
  123  11:33  Zergling x2  
  123  11:34  Zergling x4  
  123  11:35  Queen  
  123  11:38  Zergling x2  
  126  11:41  Zergling x2  
  126  11:42  Roach, Zergling x8  
  127  11:52  Zergling x4  
  127  11:53  Zergling x6  
  127  11:54  Zergling x2  
  124  11:55  Zergling x4  
  124  11:56  Zergling x2  
  124  11:58  Zergling x2  
  117  12:03  Hydralisk, Zergling x2  
  117  12:07  Hydralisk  
  115  12:11  Hydralisk x2  
  115  12:12  Hydralisk  
  115  12:14  Hydralisk  
  115  12:15  Zergling x2  
  109  12:16  Hydralisk  
  109  12:22  Hydralisk  
  108  12:24  Hydralisk  
  108  12:25  Zergling x2  
  108  12:29  Hydralisk, Zerg Ground Armor Level 1  
  111  12:34  Hydralisk  
  111  12:36  Roach x2  
  109  12:40  Roach  
  108  12:44  Roach  
  108  12:46  Roach x2  
  108  12:48  Hydralisk  
  114  12:57  Hydralisk x3  
  114  12:58  Lurker Den, Zergling x4  
  117  13:01  Zergling x4  
  117  13:03  Zergling x4  
  115  13:06  Zergling x4  
  115  13:07  Zergling x2  
  115  13:08  Zergling x2  
  115  13:09  Zergling x2  
  119  13:12  Drone  
  119  13:13  Drone x2  
  119  13:14  Zergling x2  
  119  13:15  Zergling x2  
  123  13:21  Zergling x4  
  123  13:22  Zergling x2  
  123  13:25  Zergling x2  
  123  13:26  Zergling x8  
  123  13:27  Zergling x2  
  132  13:29  Zergling x4  
  132  13:32  Zergling x4  
  132  13:33  Zergling x2  
  137  13:35  Zergling x4  
  137  13:36  Zergling x2  
  137  13:38  Zergling x2  
  137  13:39  Zergling x2  
  140  13:44  Zergling x2  
  136  13:49  Hydralisk x2  
  136  13:50  Drone x2  
  136  13:55  Drone x4  
  142  13:57  Extractor x2  
  142  13:58  Extractor  
  142  13:59  Drone x5  
  144  14:04  Spire  
  144  14:07  Drone x2  
  144  14:09  Overlord  
  144  14:24  Lurker  
  144  14:25  Lurker x8  
  144  14:29  Zergling x2  
  144  14:30  Zergling x16  
  162  14:37  Drone  
  163  14:41  Hatchery  
  162  14:46  Drone x3  
  162  14:48  Zergling x2  
  162  14:49  Zergling x10  
  162  14:51  Overlord  
  142  15:24  Overlord  
  142  15:27  Mutalisk x12  
  144  15:35  Mutalisk x2  
  140  15:41  Mutalisk  
  134  15:43  Zergling x2  
  134  15:44  Zergling x20  
  134  15:48  Mutalisk x2  
  128  15:57  Drone x3  

Tags
 
Add a new tag
Caveats
  • Supply blocks, unpowered buildings, or Contaminate may cause inaccurate times.
  • Supply counts are checked every 10 seconds.